 Dungeon Crawl Stone Soup version 0.19.0-24-gb05acd6 (webtiles) character file.

315 JeffiDaFish the Shield-Bearer (level 6, -5/38 HPs)
             Began as a Gargoyle Fighter on Nov 21, 2016.
             Slain by an ogre
             ... wielding a +0 giant club
              (11 damage)
             ... on level 4 of the Dungeon.
             The game lasted 00:13:26 (2115 turns).

JeffiDaFish the Shield-Bearer (Gargoyle Fighter)    Turns: 2115, Time: 00:13:27

Health: -5/38      AC: 20    Str: 22    XL:     6   Next: 43%
Magic:  6/6        EV:  6    Int:  8    God:
Gold:   200        SH: 11    Dex:  9    Spells: 0 memorised, 5 levels left

rFire  . . .     SeeInvis .     m - +2 mace (protect)
rCold  . . .     Gourm    .     h - +0 chain mail
rNeg   + . .     Faith    .     c - +1 shield
rPois  ∞         Spirit   .     (no helmet)
rElec  +         Reflect  .     (no cloak)
rCorr  .         Harm     .     (no gloves)
MR     +....                    (no boots)
Stlth  ..........               (no amulet)
                                a - ring of stealth
                                e - ring of protection from magic

@: protection aura
A: negative energy resistance 1, electricity resistance, unbreathing,
petrification resistance, rot immunity, AC +4
a: no special abilities


You were on level 4 of the Dungeon.
You were hungry.

You visited 1 branch of the dungeon, and saw 4 of its levels.

You collected 200 gold pieces.

Inventory:

Hand Weapons
 m - a +2 mace of protection (weapon)
Armour
 c - a +1 shield (worn)
 h - a +0 chain mail (worn)
Jewellery
 a - a ring of stealth (right hand)
 e - a ring of protection from magic (left hand)
Scrolls
 g - 3 scrolls of remove curse
 j - 2 scrolls of identify
 k - a scroll of recharging
Potions
 i - 2 potions of heal wounds
Comestibles
 b - a beef jerky
 f - 4 bread rations


   Skills:
 + Level 4.1 Fighting
 + Level 4.1 Maces & Flails
 + Level 4.3 Armour
 + Level 0.8 Dodging
 + Level 5.0 Shields


You had 5 spell levels left.
You didn't know any spells.

Dungeon Overview and Level Annotations

Branches:
Dungeon (4/15)
 Temple: D:4-7

Altars:
Ashenzari
Xom
Yredelemnul
Zin


Innate Abilities, Weirdness & Mutations

You are resistant to torment.
Your stone body is resilient. (AC +4)
You are immune to poison.
You resist negative energy. (rN+)
You are resistant to electric shocks. (rElec)
You can survive without breathing.
You are immune to petrification.
You are immune to rotting.


Message History

The ogre is heavily wounded.
The ogre hits you but does no damage.
You hit the ogre.
The ogre is heavily wounded.
The ogre hits you with a giant club.
* * * LOW HITPOINT WARNING * * *
You hit the ogre.
The ogre is severely wounded.
The ogre hits you with a giant club.
* * * LOW HITPOINT WARNING * * *
You sock the ogre!
The ogre is almost dead.
You block the ogre's attack.
You hit the ogre.
The ogre is almost dead.
You block the ogre's attack.
You barely miss the ogre.
The ogre is almost dead.
The ogre hits you with a giant club!
You die...

#..........#
#.......$..##
........>...
.........#
#........# #
#.......#
#.#.#..O..#
#.#.#..@..#
#.........#
###.......#
#.....###
#.....#
#.....#
#.....#
#.....#
#####.#


You could see an ogre.

Vanquished Creatures
  The ghost of Mahasti the Skirmisher, an amateur DrMo of Hepliaklqana (D:4)
  Ijyb (D:3)
  A worker ant (D:4)
  4 gnolls (D:3)
  4 adders
  A dart slug (D:2)
  A leopard gecko (D:3)
  5 orcs (D:3)
  2 giant cockroaches (D:2)
  9 goblins
  5 hobgoblins
  2 kobolds
  A quokka (D:3)
  5 bats
  7 frilled lizards
  A quokka skeleton (D:3)
  5 rats
  A spectral orc (D:2)
56 creatures vanquished.

Notes
Turn   | Place    | Note
-------+----------+-------------------------------------------
     0 | D:1      | JeffiDaFish the Gargoyle Fighter began the quest for the Orb.
     0 | D:1      | Reached XP level 1. HP: 14/14 MP: 1/1
   338 | D:1      | Reached XP level 2. HP: 19/19 MP: 2/2
   690 | D:2      | Reached XP level 3. HP: 14/23 MP: 3/3
   818 | D:2      | Found a glowing silver altar of Zin.
  1059 | D:2      | Found a basalt altar of Yredelemnul.
  1428 | D:3      | Found a shattered altar of Ashenzari.
  1458 | D:3      | Reached XP level 4. HP: 23/29 MP: 4/4
  1491 | D:3      | Reached skill level 4 in Shields
  1583 | D:3      | Noticed Ijyb
  1615 | D:3      | Killed Ijyb
  1628 | D:3      | Reached XP level 5. HP: 25/33 MP: 5/5
  1780 | D:3      | Found a shimmering altar of Xom.
  2014 | D:4      | Noticed Mahasti's ghost (amateur DrMo)
  2030 | D:4      | Killed Mahasti's ghost
  2030 | D:4      | Reached XP level 6. HP: 33/38 MP: 6/6
  2100 | D:4      | Reached skill level 5 in Shields
  2115 | D:4      | Slain by an ogre

Skill      XL: |  1  2  3  4  5  6 |
---------------+-------------------+-----
Shields        | 4 5 |  5.0
Maces & Flails | 3 4 |  4.1
Armour         | 4 |  4.3
Fighting       | 4 |  4.1
Dodging        | |  0.8

Action                   |  1- 3 |  4- 6 || total
-------------------------+-------+-------++-------
Melee: Flail             |   176 |    33 ||   209
       Mace              |       |   100 ||   100
  Use: Potion            |     5 |     1 ||     6
       Scroll            |     5 |     1 ||     6
  Eat: Chunk             |     2 |     2 ||     4
Armor: Scale mail        |    32 |       ||    32
       Chain mail        |   107 |    94 ||   201
Dodge: Dodged            |    50 |    40 ||    90
Block: Shield            |    95 |    75 ||   170
